 Dungeon Crawl Stone Soup version 0.21-a0-630-g344d351 (webtiles) character file.

209 anything the Cutter (level 6, -4/41 HPs)
             Began as a Halfling Chaos Knight on Dec 26, 2017.
             Slain by Sigmund
             ... wielding a +0 scythe
              (7 damage)
             ... on level 3 of the Dungeon.
             The game lasted 00:07:23 (1817 turns).

anything the Cutter (Halfling Chaos Knight)         Turns: 1817, Time: 00:07:23

Health: -4/41      AC:  6    Str: 13    XL:     6   Next: 12%
Magic:  6/6        EV: 13    Int: 10    God:    Xom [*.....]
Gold:   75         SH:  0    Dex: 16    Spells: 5/5 levels left

rFire    . . .     SeeInvis .   a - +0 short sword (chaos)
rCold    . . .     Gourm    .   (shield restricted)
rNeg     . . .     Faith    .   b - +2 leather armour
rPois    .         Spirit   .   m - +0 helmet
rElec    .         Reflect  .   (no cloak)
rCorr    .         Harm     .   (no gloves)
MR       .....                  (no boots)
Stlth    +.........             (no amulet)
HPRegen  0.13/turn              (no ring)
MPRegen  0.10/turn              (no ring)

@: lethally poisoned (-4 -> -6), about to teleport
A: small, mutation resistance 1
a: Renounce Religion


You were on level 3 of the Dungeon.
You worshipped Xom.
You were a special plaything of Xom.
You were very hungry.

You visited 1 branch of the dungeon, and saw 3 of its levels.

You collected 75 gold pieces.

Inventory:

Hand Weapons
 a - a +0 short sword of chaos (weapon)
Missiles
 d - 26 sling bullets
Armour
 b - a +2 leather armour (worn)
 i - a +0 chain mail
 l - a +1 animal skin
 m - a +0 helmet (worn)
Jewellery
 h - an uncursed ring of ice
Scrolls
 e - a scroll of remove curse
 f - a scroll of identify
 g - a scroll of enchant armour {unknown}
 j - a scroll of teleportation
 o - a scroll of enchant weapon {unknown}
Comestibles
 c - 4 rations


   Skills:
 - Level 2.6 Fighting
 + Level 7.6 Short Blades
 - Level 2.1 Armour
 - Level 1.1 Dodging


You had 5 spell levels left.
You didn't know any spells.

Dungeon Overview and Level Annotations

Branches:
Dungeon (3/15)

Altars:
Okawaru

Annotations:
D:3 Sigmund


Innate Abilities, Weirdness & Mutations

You are small and have problems with some larger weapons.
You are somewhat resistant to further mutation.


Message History

As you read the scroll labeled DADAQAYTAU, it crumbles to dust.
You feel blessed for a moment.
It was a scroll of remove curse.
You are feeling very hungry.
The adder closely misses you.
You hear some strange, mumbled words.
Something tries to affect you, but you resist.
The goblin hits you but does no damage. The adder barely misses you.
As you read the scroll labeled ETWICK SEDONEH, it crumbles to dust.
It is a scroll of identify.
j - 2 scrolls of teleportation You hear some strange, mumbled words.
A puff of flame appears from out of thin air!
The puff of flame hits you!
* * * LOW HITPOINT WARNING * * *
The adder barely misses you. The goblin hits you but does no damage.
As you read the scroll of teleportation, it crumbles to dust.
You feel strangely unstable.
* * * LOW HITPOINT WARNING * * *
You feel sick. Something hits you!
You die...

.<.........
....#+####..
).......... ...........
......#.####
#..........
......'.....
#........#.
......#.###.
#........'.
#..####.###.##........#
∆
#...###.#.#.##........#
#..............gS.#
##..#.#.......{.@.#
#...........######
#........#..#
#..#.#...##.#
#...........#
#.##.#.###### #......#
####.### ###


You could see an adder and a goblin.

Vanquished Creatures
  The ghost of Lanoc the Skirmisher, an amateur DrMo (D:3)
  A worker ant (D:2)
  Robin (D:2)
  A gnoll (D:3)
  2 worms (D:2)
  A dart slug (D:3)
  3 leopard geckos
  An orc (D:2)
  11 bats
  3 giant cockroaches (D:2)
  13 goblins
  9 hobgoblins
  6 kobolds
  A ball python (D:3)
  A frilled lizard (D:1)
  7 rats
62 creatures vanquished.

Vanquished Creatures (others)
  A hobgoblin (D:2)
1 creature vanquished.

Grand Total: 63 creatures vanquished

Notes
Turn   | Place    | Note
-------+----------+-------------------------------------------
     0 | D:1      | anything the Halfling Chaos Knight began the quest for the Orb.
     0 | D:1      | Reached XP level 1. HP: 15/15 MP: 1/1
    69 | D:1      | Reached skill level 4 in Short Blades
   142 | D:1      | Reached XP level 2. HP: 14/20 MP: 2/2
   372 | D:1      | Reached XP level 3. HP: 25/25 MP: 3/3
   452 | D:1      | Reached skill level 5 in Short Blades
   775 | D:2      | Noticed Robin
   795 | D:2      | Killed Robin
   795 | D:2      | Reached XP level 4. HP: 30/30 MP: 4/4
   913 | D:2      | XOM: noise
   932 | D:2      | Reached skill level 6 in Short Blades
  1037 | D:2      | Found an iron altar of Okawaru.
  1058 | D:2      | Reached XP level 5. HP: 25/35 MP: 5/5
  1059 | D:2      | XOM: cloud trail
  1104 | D:2      | XOM: noise
  1571 | D:3      | Noticed Lanoc's ghost (amateur DrMo)
  1616 | D:3      | XOM: butterfly on damage
  1627 | D:3      | Killed Lanoc's ghost
  1627 | D:3      | Reached skill level 7 in Short Blades
  1627 | D:3      | Reached XP level 6. HP: 17/41 MP: 6/6
  1780 | D:3      | Noticed Sigmund
  1805 | D:3      | XOM: divination: detect items
  1817 | D:3      | Slain by Sigmund

Vault maps used:
D:1:      tarquinn_simple_flora_water_d
D:2:      old_standard_altar, first_ration, uniq_robin
D:3:      overflow_temple_1_default, old_standard_altar, serial_glass,
          glass_columns_b, glass_columns_c, glass_columns_c, uniq_natasha,
          uniq_terence, uniq_sigmund

Skill      XL: |  1  2  3  4  5 |
---------------+----------------+-----
Short Blades   | 4 5 6 7 |  7.6
Fighting       | |  2.6
Armour         | |  2.1
Dodging        | |  1.1

Action                   |  1- 3 |  4- 6 || total
-------------------------+-------+-------++-------
Melee: Short sword       |    86 |   115 ||   201
  Use: Potion            |       |     3 ||     3
       Scroll            |       |     3 ||     3
 Stab: Confused          |     2 |     1 ||     3
       Sleeping          |     1 |       ||     1
       Paralysed         |       |     1 ||     1
  Eat: Chunk             |       |     2 ||     2
Armor: Leather armour    |    30 |    25 ||    55
Dodge: Dodged            |    63 |    70 ||   133

Table legend:
 A = Spawn XP
 B = Non-spawn XP
 C = Spawn XP percentage of total XP
 D = Spawn monster count
 E = Non-spawn monster count
 F = Spawn count percentage of total count
 G = Total turns spent on level
                    A         B        C        D         E        F      G
               +---------+---------+-------+---------+---------+-------+---------
         Total |       0 |     299 |   0.0 |       0 |      63 |   0.0 |  1817
               +---------+---------+-------+---------+---------+-------+---------
           D:1 |       0 |      37 |   0.0 |       0 |      22 |   0.0 |   685
           D:2 |       0 |     115 |   0.0 |       0 |      34 |   0.0 |   586
           D:3 |       0 |     147 |   0.0 |       0 |       7 |   0.0 |   546
               +---------+---------+-------+---------+---------+-------+---------
